 Dungeon Crawl Stone Soup version 0.19-b1-4-gd8a0a2a (webtiles) character file.

126 dvd the Skirmisher (level 4, -5/37 HPs)
             Began as a Demonspawn Abyssal Knight on Oct 30, 2016.
             Was a Believer of Lugonu.
             Slain by an orc priest
             ... wielding a +0 hand axe
              (7 damage)
             ... on level 3 of the Dungeon.
             The game lasted 00:07:12 (3269 turns).

dvd the Skirmisher (Demonspawn Abyssal Knight)      Turns: 3269, Time: 00:07:14

Health: -5/37      AC:  2    Str: 13    XL:     4   Next: 83%
Magic:  6/6        EV: 12    Int: 13    God:    Lugonu [**....]
Gold:   159        SH:  0    Dex: 13    Spells: 1 memorised, 1 level left

rFire  . . .     SeeInvis .     a - +1 falchion
rCold  . . .     Gourm    .     t - +0 robe (curse)
rNeg   . . .     Faith    .     (no shield)
rPois  .         Spirit   .     q - +0 hat
rElec  .         Reflect  .     (no cloak)
rCorr  .         Harm     .     (no gloves)
MR     .....                    (no boots)
Stlth  ++........               v - amulet of rage
                                (no ring)
                                b - ring of stealth

@: no status effects
A: horns 1, sturdy frame 1
a: Depart the Abyss, Bend Space, Renounce Religion, Evoke Berserk Rage


You were on level 3 of the Dungeon.
You worshipped Lugonu.
Lugonu was pleased with you.
You were not hungry.

You visited 1 branch of the dungeon, and saw 3 of its levels.
You visited the Abyss 1 time.

You collected 159 gold pieces.

Inventory:

Hand Weapons
 a - a +1 falchion (weapon)
 p - a +0 war axe
Armour
 i - a +0 ring mail
 q - a +0 hat (worn)
 t - a cursed +0 robe (worn)
Jewellery
 b - a ring of stealth (left hand)
 v - an amulet of rage (around neck)
Scrolls
 d - 3 scrolls of fog
 h - 2 scrolls of identify {unknown}
 n - 2 scrolls of teleportation {unknown}
 s - a scroll of recharging {unknown}
 u - 3 scrolls of noise {unknown}
 y - a scroll of enchant weapon {unknown}
Potions
 e - a potion of magic {unknown}
 f - a potion of flight {unknown}
 j - a potion of agility {unknown}
 k - a potion of heal wounds {unknown}
 l - a potion of degeneration {unknown}
 r - a potion of curing {unknown}
 z - a potion of haste {unknown}
Books
 w - a book of Maledictions

   Spells                             Type                      Level
   a - Corona                         Hexes                        1
   b - Ensorcelled Hibernation        Hexes/Ice                    2
   c - Confuse                        Hexes                        3
   d - Tukima's Dance                 Hexes                        3
   e - Dazzling Spray                 Conjuration/Hexes            3
Comestibles
 c - 3 bread rations
 g - a meat ration
 m - a beef jerky
 o - 5 fruits
 x - 2 chunks of flesh


   Skills:
 + Level 3.9 Fighting
 + Level 2.9 Long Blades
 + Level 0.1 Axes
 + Level 2.5 Armour
 + Level 1.1 Dodging
 + Level 0.4 Stealth
 + Level 0.1 Spellcasting
 * Level 3.1 Invocations


You had one spell level left.
You knew the following spells:

 Your Spells              Type           Power        Failure   Level  Hunger
a - Ensorcelled Hibernat  Hex/Ice        #.....       47%         2    ###....


Dungeon Overview and Level Annotations

Branches:
Dungeon (3/15)

Altars:
Zin


Innate Abilities, Weirdness & Mutations

You have a pair of small horns on your head.
Your movements are slightly less encumbered by armour. (ER -2)


Message History

You hit the orc priest.
The orc priest is heavily wounded.
The jackal bites you.
* * * LOW HITPOINT WARNING * * *
The giant cockroach misses you.
You riposte.
You hit the giant cockroach but do no damage.
The giant cockroach is moderately wounded.
The jackal barely misses you.
The orc priest hits you with a hand axe.
* * * LOW HITPOINT WARNING * * *
Okay, then.
Unknown command.
You closely miss the orc priest. You headbutt the orc priest.
The orc priest is severely wounded.
The giant cockroach bites you.
* * * LOW HITPOINT WARNING * * *
The jackal bites you.
* * * LOW HITPOINT WARNING * * *
The orc priest hits you with a hand axe!
You die...

#...........#...#####
#....................
#..(....>............
#..........o#...####
#...........#...# ##
#.........h.#...##...
#########.####........
..........)†.o..(.....
...........###@........
...........#.hs........
###....#####......#...
#....# #......#...
##....#####......#
#..............##..
###..............# ...
#................. ..
#...#.........#####.. .


You could see an orc priest, a jackal and a giant cockroach.

Vanquished Creatures
  Robin (D:2)
  2 adders
  2 oozes
  2 worms (D:2)
  3 dart slugs (D:1)
  2 leopard geckos (D:1)
  3 orcs (D:3)
  5 giant cockroaches
  12 goblins
  8 hobgoblins
  2 jackals (D:3)
  2 quokkas
  A ball python (D:2)
  8 bats
  4 frilled lizards
  7 kobolds
  5 rats
69 creatures vanquished.

Notes
Turn   | Place    | Note
-------+----------+-------------------------------------------
     0 | Abyss:1  | dvd the Demonspawn Abyssal Knight began the quest for the Orb.
     0 | Abyss:1  | Reached XP level 1. HP: 18/18 MP: 2/2
    45 | Abyss:1  | Noticed a raiju
    46 | Abyss:1  | Noticed a raiju
    46 | D:1      | Escaped the Abyss
   276 | D:1      | Gained mutation: Your movements are slightly less encumbered by armour. (ER -2) [demonic ancestry]
   276 | D:1      | Reached XP level 2. HP: 10/24 MP: 4/4
   715 | D:1      | Reached * piety under Lugonu
   788 | D:1      | Gained mutation: You have a pair of small horns on your head. [demonic ancestry]
   788 | D:1      | Reached XP level 3. HP: 25/29 MP: 5/5
  1346 | D:1      | Reached skill level 1 in Dodging
  1509 | D:2      | Noticed Robin
  1517 | D:2      | Killed Robin
  1517 | D:2      | Reached XP level 4. HP: 19/37 MP: 6/6
  1995 | D:2      | Found a glowing silver altar of Zin.
  2048 | D:2      | Reached ** piety under Lugonu
  2971 | D:3      | Learned a level 2 spell: Ensorcelled Hibernation
  3269 | D:3      | Slain by an orc priest

Skill      XL: |  1  2  3  4 |
---------------+-------------+-----
Armour         | 2 |  2.5
Long Blades    | 2 |  2.9
Dodging        | 1 |  1.1
Invocations    | 3 |  3.1
Fighting       | |  3.9
Axes           | |  0.1
Stealth        | |  0.4
Spellcasting   | |  0.1

Action                   |  1- 3 |  4- 6 || total
-------------------------+-------+-------++-------
Melee: Falchion          |   103 |    75 ||   178
       Headbutt          |     4 |    17 ||    21
       War axe           |     3 |       ||     3
 Cast: Ensorcelled Hiber |       |     4 ||     4
Invok: Depart the Abyss  |     1 |       ||     1
  Use: Scroll            |     2 |       ||     2
  Eat: Chunk             |     2 |     6 ||     8
Armor: Leather armour    |    25 |     5 ||    30
       Robe              |       |    12 ||    12
       Ring mail         |       |     2 ||     2
Dodge: Dodged            |    77 |    82 ||   159
       Rpst.: Falchion   |    31 |    26 ||    57
